 Dungeon Crawl Stone Soup version 0.26-a0-466-g989023bd0d (webtiles) character file.

Game seed: 5859689570601729152

1803 Apogee the Ruffian (level 8, -6/79 HPs)
             Began as a Troll Fighter on Aug 7, 2020.
             Was a Follower of Yredelemnul.
             Mangled by Harold
             ... wielding a +2 trident of venom
              (20 damage)
             ... on level 7 of the Dungeon.
             The game lasted 00:06:38 (4489 turns).

Apogee the Ruffian (Troll Fighter)                  Turns: 4489, Time: 00:06:38

Health: -6/79      AC:  6    Str: 27    XL:     8   Next: 83%
Magic:  7/7        EV: 10    Int:  4    God:    Yredelemnul [*.....]
Gold:   338        SH: 10    Dex:  9    Spells: 7/7 levels left

rFire    . . .     SeeInvis .     - Unarmed
rCold    . . .     Faith    .   b - +0 kite shield
rNeg     . . .     Spirit   .   a - +0 robe
rPois    .         Reflect  .   (helmet restricted)
rElec    .         Harm     .   (no cloak)
rCorr    .                      (gloves unavailable)
MR       .....                  (boots unavailable)
Stlth    +.........             (no amulet)
HPRegen  0.63/turn              (no ring)
MPRegen  0.10/turn              (no ring)

@: lethally poisoned (-6 -> -33), marked
A: large, unfitting armour, claws 3, regeneration 1, shaggy fur 1, tough skin 3
a: Animate Remains, Renounce Religion


You were on level 7 of the Dungeon.
You worshipped Yredelemnul.
Yredelemnul was aware of your devotion.
You visited 2 branches of the dungeon, and saw 8 of its levels.

You collected 338 gold pieces.

Inventory:

Hand Weapons
 z - the +10 rapier of Hokhyqu {freeze, *Slow MP+9 SInv, unknown}
   (You found it on level 6 of the Dungeon)

   It has been specially enchanted to freeze those struck by it, causing extra
   injury to most foes and up to half again as much damage against particularly
   susceptible opponents.
   It can also slow down cold-blooded creatures.
   It affects your magic capacity (+9).
   It lets you see invisible.
   It may slow you when you take damage.
Missiles
 e - 23 poisoned darts
 f - 214 stones (quivered)
Armour
 a - a +0 robe (worn)
 b - a +0 kite shield (worn)
Jewellery
 q - an uncursed amulet of regeneration {unknown}
   (You found it on level 3 of the Dungeon)
 C - an uncursed amulet of guardian spirit {unknown}
   (You found it on level 7 of the Dungeon)
Wands
 t - a wand of flame (29)
   (You found it on level 5 of the Dungeon)
 u - a wand of paralysis (10)
   (You found it on level 5 of the Dungeon)
 v - a wand of digging (3)
   (You found it on level 4 of the Dungeon)
 y - a wand of polymorph (10)
   (You found it on level 6 of the Dungeon)
Scrolls
 d - a scroll of enchant weapon {unknown}
 i - 5 scrolls of identify {unknown}
 j - 2 scrolls of magic mapping {unknown}
 l - 2 scrolls of amnesia {unknown}
 n - 2 scrolls of fear {unknown}
 r - 2 scrolls of teleportation {unknown}
 s - 2 scrolls of fog {unknown}
 w - 2 scrolls of blinking {unknown}
 A - 3 scrolls of remove curse {unknown}
Potions
 c - 3 potions of might
 g - 5 potions of curing {unknown}
 h - a potion of lignification {unknown}
 k - 7 potions of heal wounds {@q2}
 m - 2 potions of brilliance {unknown}
 o - a potion of cancellation {unknown}
 p - a potion of invisibility {unknown}
 x - a potion of resistance {unknown}
 B - 2 potions of flight {unknown}


   Skills:
 + Level 4.9 Fighting
 + Level 4.8 Dodging
 + Level 4.9 Shields
 * Level 7.5 Unarmed Combat


You had 7 spell levels left.
You didn't know any spells.
Your spell library was empty.

Dungeon Overview and Level Annotations

Branches:
Dungeon (7/15)             Temple (1/1) D:4

Altars:
Ashenzari
Cheibriados
Dithmenos
Elyvilon
Fedhas
Gozag
Hepliaklqana
Kikubaaqudgha
Makhleb
Okawaru
Qazlal
Ru
Trog
Uskayaw
Vehumet
Wu Jian
Xom
Yredelemnul
Zin

Shops:
D:6 *

Annotations:
D:7 Harold


Innate Abilities, Weirdness & Mutations

You are too large for most types of armour.
You have claws for hands.
Your natural rate of healing is unusually fast.
You are covered in fur. (AC +1)
You have extremely tough skin. (AC +3)


Message History

Harold barely misses you.
You claw Harold!
You hear the faint creaking of a distant portcullis.
You feel very sick. You block Harold's attack.
You barely miss Harold.
You feel very sick.
You barely miss Harold.
You feel very sick. You block Harold's attack.
You claw Harold!
You feel sick. Harold casts a spell at you. A sentinel's mark forms upon you.
You claw Harold!
You feel very sick. Harold barely misses you.
You closely miss Harold.
You feel very sick.
Harold hits you with a +2 trident of venom!
* * * LOW HITPOINT WARNING * * *
You are lethally poisoned!
It was a potion of heal wounds.
You feel much better.
You feel very sick. You block Harold's attack.
You claw Harold!
You feel very sick.
You closely miss Harold.
You feel very sick.
Harold hits you with a +2 trident of venom!
* * * LOW HITPOINT WARNING * * *
You are more poisoned.
You scratch Harold.
* * * LOW HITPOINT WARNING * * *
You feel very sick. You block Harold's attack.
You closely miss Harold.
* * * LOW HITPOINT WARNING * * *
You feel very sick. You block Harold's attack.
You closely miss Harold.
* * * LOW HITPOINT WARNING * * *
You feel very sick.
Harold yells, "I don't have all day!"
You block Harold's attack.
You barely miss Harold.
* * * LOW HITPOINT WARNING * * *
You feel very sick.
Harold hits you with a +2 trident of venom!!
You die...
Your body rises from the dead as a mindless zombie.

######## . #......#
..#.######## #.###.##
#.#.#.......######.#....#
#.#.#.# #@@..(........#
##...#.#####..#####.#.##.#
#.........##..# #......#
#.......#.##..# ###.#..#
#.......#.##..# #.#..#.#
##.............#######.#..#.#
#....>.....#.........#.#.....
#.............<#.....).##....
#.....†...#....<...#........#


You could see Harold.

Vanquished Creatures
  Eustachio (D:5)
  A water moccasin (D:6)
  A phantom (D:5)
  2 centaurs (D:6)
  2 ogres
  2 bullfrogs
  A water moccasin zombie (D:6)
  2 scorpions (D:5)
  A bullfrog zombie (D:6)
  A crimson imp (D:6)
  A centaur zombie (D:5)
  A jelly (D:5)
  3 hounds
  3 orc priests
  2 orc wizards
  3 iguanas
  Terence (D:2)
  Natasha (D:2)
  3 worker ants
  8 adders
  7 gnolls (D:4)
  A white imp (D:5)
  An ooze (D:4)
  3 adder zombies (D:5)
  3 worms
  A dart slug (D:1)
  7 leopard geckos
  16 orcs
  2 ball pythons
  13 goblins
  3 hobgoblins
  11 jackals
  4 quokkas
  5 bats
  6 frilled lizards
  A jackal skeleton (D:5)
  9 kobolds
  A leopard gecko skeleton (D:5)
  A quokka skeleton (D:5)
  8 rats
143 creatures vanquished.

Notes
Turn   | Place    | Note
-------+----------+-------------------------------------------
     0 | D:1      | Apogee the Troll Fighter began the quest for the Orb.
     0 | D:1      | Reached XP level 1. HP: 22/22 MP: 0/0
   194 | D:1      | Reached XP level 2. HP: 25/29 MP: 1/1
   362 | D:1      | Reached XP level 3. HP: 32/36 MP: 2/2
   770 | D:2      | Found a shattered altar of Ashenzari.
   854 | D:2      | Found an ancient bone altar of Kikubaaqudgha.
   898 | D:2      | Found a faded altar of an unknown god.
   932 | D:2      | Reached skill level 3 in Unarmed Combat
  1060 | D:2      | Noticed Natasha
  1069 | D:2      | Killed Natasha
  1069 | D:2      | Reached XP level 4. HP: 34/44 MP: 3/3
  1225 | D:2      | Noticed Terence
  1236 | D:2      | Killed Terence
  1877 | D:4      | Reached XP level 5. HP: 33/53 MP: 4/4
  1968 | D:4      | Reached skill level 4 in Unarmed Combat
  2056 | D:4      | Reached XP level 6. HP: 58/61 MP: 5/5
  2229 | D:4      | Found a staircase to the Ecumenical Temple.
  2247 | Temple   | Entered the Ecumenical Temple
  2386 | Temple   | Became a worshipper of Yredelemnul the Dark
  2511 | D:4      | Found an iron altar of Okawaru.
  2678 | D:5      | Entered Level 5 of the Dungeon
  2772 | D:5      | Reached skill level 5 in Unarmed Combat
  2809 | D:5      | Reached XP level 7. HP: 68/68 MP: 6/6
  2928 | D:5      | Noticed Eustachio
  2952 | D:5      | Killed Eustachio
  3255 | D:5      | Reached * piety under Yredelemnul
  3285 | D:5      | Reached skill level 6 in Unarmed Combat
  3658 | D:5      | Reached XP level 8. HP: 45/78 MP: 7/7
  3963 | D:6      | Got a slimy rapier
  4002 | D:6      | Found Boriyjim's Serpentskin Sales.
  4119 | D:6      | Reached skill level 7 in Unarmed Combat
  4304 | D:6      | Found a burning altar of Makhleb.
  4466 | D:7      | Noticed Harold
  4489 | D:7      | Mangled by Harold

Illustrated notes

Levels and vault maps discovered:
D:1:      lightli_arrival_statuegarden, layout_basic,
          hangedman_abyss_or_decor_stabs
D:2:      layout_loops_ring, ashenzari_altar_1, lemuel_doored_altar,
          chequers_ecumenical_altar_twisty, uniq_terence, uniq_natasha
D:3:      layout_basic, minmay_misc_feat_nine_boxes
D:4:      layout_cave_pools, minmay_temple_entry_stoned_glass,
          minmay_misc_feat_tiny, okawaru_ov_weapons_minmay
D:5:      minmay_skewed_foursquare, layout_basic, saegor_snake_ambush,
          uniq_eustachio
D:6:      layout_rooms, makhleb_grotto_becter, chequers_garden,
          guppyfry_shop_venom
D:7:      black_bear_nest_1, layout_basic, grunt_temple_overflow_diamond,
          enter_bailey_3, kennysheep_generic_room_15, uniq_duvessa, uniq_harold,
          uniq_maggie
Temple:   eino_temple_rhombus

Skill      XL: |  1  2  3  4  5  6  7  8 |
---------------+-------------------------+-----
Unarmed Combat | 3 4 5 6 7 |  7.5
Fighting       | 3 4 |  4.9
Dodging        | 3 4 |  4.8
Shields        | 3 4 |  4.9

Action                   |  1- 3 |  4- 6 |  7- 9 || total
-------------------------+-------+-------+-------++-------
Melee: Unarmed           |   114 |   167 |   201 ||   482
Throw: Stone             |       |       |     1 ||     1
  Use: Potion            |       |       |     1 ||     1
Armor: Robe              |    35 |    72 |    47 ||   154
Dodge: Dodged            |    38 |    73 |    58 ||   169
Block: Kite shield       |    61 |   107 |    73 ||   241

Table legend: (Time is in decaauts)
 A = Elapsed time spent in this place.
 B = Non-inter-level travel time spent in this place.
 C = Inter-level travel time spent in this place.
 D = Time resting spent in this place.
 E = Time spent auto-exploring this place.
 F = Levels seen in this place.
 G = Mean time per level.
                   A        B        C        D        E       F      G
               +--------+--------+--------+--------+--------+-----+--------+
         Total |   4499 |   4347 |    152 |     98 |   3229 |   8 |  562.4 |
       Dungeon |   4353 |   4206 |    147 |     98 |   3113 |   7 |  621.9 |
        Temple |    145 |    140 |      5 |      0 |    116 |   1 |  145.0 |
               +--------+--------+--------+--------+--------+-----+--------+

Top non-repeatable levels by time:
     D:5: 1008 daAuts
     D:6: 699 daAuts
     D:1: 694 daAuts
     D:4: 673 daAuts
     D:2: 666 daAuts
     D:3: 501 daAuts
  Temple: 145 daAuts
     D:7: 111 daAuts
